 Dungeon Crawl Stone Soup version 0.24-a0-524-gf43b32f898 (webtiles) character file.

Game seed: 3531371840609368917

40 BinkBink the Slasher (level 3, -3/27 HPs)
             Began as a Demonspawn Gladiator on July 31, 2019.
             Was an Initiate of Makhleb.
             Slain by a goblin
             ... wielding a +0 club
             ... led by Robin
              (4 damage)
             ... on level 2 of the Dungeon.
             The game lasted 00:02:22 (1061 turns).

BinkBink the Slasher (Demonspawn Gladiator)         Turns: 1061, Time: 00:02:23

Health: -3/27      AC: 10    Str: 20    XL:     3   Next: 30%
Magic:  3/3        EV: 14    Int: 14    God:    Makhleb [......]
Gold:   95         SH:  0    Dex: 19    Spells: 2/2 levels left

rFire    . . .     SeeInvis .   a - +0 long sword
rCold    . . .     Gourm    .   (no shield)
rNeg     . . .     Faith    .   e - +0 chain mail
rPois    .         Spirit   .   c - +0 helmet
rElec    .         Reflect  .   h - +0 cloak
rCorr    .         Harm     .   (no gloves)
MR       .....                  (no boots)
Stlth    ..........             (no amulet)
HPRegen  0.09/turn              (no ring)
MPRegen  0.08/turn              (no ring)

@: mighty, brilliant, agile
A: hooves 1, nightstalker 1
a: Renounce Religion


You were on level 2 of the Dungeon.
You worshipped Makhleb.
Makhleb was noncommittal.
You were hungry.

You visited 1 branch of the dungeon, and saw 2 of its levels.

You collected 95 gold pieces.

Inventory:

Hand Weapons
 a - a +0 long sword (weapon)
Missiles
 d - 3 throwing nets (quivered)
Armour
 b - a +0 leather armour
 c - a +0 helmet (worn)
 e - a +0 chain mail (worn)
 h - a +0 cloak (worn)
Jewellery
 l - an uncursed amulet of rage {unknown}
Scrolls
 i - a scroll of remove curse
Comestibles
 f - 2 rations


   Skills:
 + Level 2.2 Fighting
 + Level 3.3 Long Blades
 + Level 1.8 Throwing
 + Level 0.3 Armour
 + Level 3.2 Dodging


You had 2 spell levels left.
You didn't know any spells.
Your spell library contained the following spells:

 Spells                   Type           Power        Failure   Level  Hunger
 Magic Dart               Conj           #...         32%         1    ##.....
 Searing Ray              Conj           #.....       43%         2    ###....
 Dazzling Spray           Conj/Hex       #.....       65%         3    ####...
 Force Lance              Conj/Tloc      #.......     93%         4    #####..
 Fulminant Prism          Conj/Hex       #.........   93%         4    #####..
 Iskenderun's Mystic Bla  Conj           #.......     93%         4    #####..


Dungeon Overview and Level Annotations

Branches:
Dungeon (2/15)

Altars:
Makhleb

Annotations:
D:2 Robin


Innate Abilities, Weirdness & Mutations

You have large cloven feet.
You are slightly more attuned to the shadows.


Message History

You feel agile all of a sudden.
A goblin comes into view. It is wielding a +0 club.
The hobgoblin barely misses you.
The goblin hits you but does no damage. x2
It was a potion of brilliance.
You feel clever all of a sudden.
The goblin shouts!
The hobgoblin closely misses you.
You riposte.
You closely miss the hobgoblin.
Robin roars a battlecry!
The goblins go into a battle-frenzy!
The goblin barely misses you.
It was a potion of might.
You feel very mighty all of a sudden. The goblin closely misses you.
The hobgoblin hits you but does no damage.
The goblin barely misses you.
You slash the goblin!
You kill the goblin!
Makhleb accepts your kill. The goblin hits you with a +0 club.
You die...

####### ####### ..#
......###..<... ..#
##..........######
g.#### ................#
.g..g .
#.###..#...####.# ..g
.##.###)†##.#####g####)#
.#...##..##.##.)@grggg.#
.............#.##g###..#
.....##...###. #.# #..#
.._.###..## ##. #.# #..#
....###..# ... #..#
....(....# ### ....
.##.###...## ....$
..#...###...
....#.###.#.


You could see Robin, 3 hobgoblins, 2 goblins and a rat.

Vanquished Creatures
  An adder (D:2)
  A dart slug (D:2)
  A leopard gecko (D:1)
  2 bats (D:1)
  A giant cockroach (D:1)
  2 hobgoblins (D:2)
  A quokka (D:2)
  3 frilled lizards (D:1)
  9 goblins
  4 kobolds
  2 rats (D:1)
27 creatures vanquished.

Notes
Turn   | Place    | Note
-------+----------+-------------------------------------------
     0 | D:1      | BinkBink the Demonspawn Gladiator began the quest for the
                  | Orb.
     0 | D:1      | Reached XP level 1. HP: 16/16 MP: 1/1
   329 | D:1      | Gained mutation: You are slightly more attuned to the
                  | shadows. [demonic ancestry]
   329 | D:1      | Reached XP level 2. HP: 14/22 MP: 2/2
   819 | D:2      | Found a burning altar of Makhleb.
   826 | D:2      | Became a worshipper of Makhleb the Destroyer
   868 | D:2      | Gained mutation: You have large cloven feet. [demonic
                  | ancestry]
   868 | D:2      | Reached XP level 3. HP: 6/27 MP: 3/3
  1037 | D:2      | Noticed Robin
  1056 | D:2      | HP: 1/27 [goblin/+0 dagger[Robin] (2)]
  1061 | D:2      | Slain by a goblin

Levels and vault maps discovered:
D:1:      dpeg_arrival_rooms_b, layout_basic
D:2:      layout_loops_ring, lemuel_crystal_altar, lemuel_crystal_altar,
          fedhas_altar_2, first_ration, bloody_makhleb, uniq_robin

Skill      XL: |  1  2 |
---------------+-------+-----
Long Blades    | 3 |  3.3
Dodging        | 3 |  3.2
Fighting       | |  2.2
Throwing       | |  1.8
Armour         | |  0.3

Action                   || total
-------------------------++-------
Melee: Long sword        ||   100
       Kick              ||     4
  Use: Potion            ||     3
       Scroll            ||     1
Armor: Chain mail        ||    95
Dodge: Dodged            ||    53
       Rpst.: Long sword ||    14

Table legend:
 A = Non-vault XP
 B = Vault XP
 C = Vault XP percentage of total XP
 D = Non-vault monster count
 E = Vault monster count
 F = Vault count percentage of total count
                 A         B        C        D         E       F
            +---------+---------+-------+---------+---------+-------
      Total |      42 |      16 |  27.6 |      19 |       8 |  29.6
            +---------+---------+-------+---------+---------+-------
        D:1 |      20 |       0 |   0.0 |      14 |       0 |   0.0
        D:2 |      22 |      16 |  42.1 |       5 |       8 |  61.5
            +---------+---------+-------+---------+---------+-------
